 Dungeon Crawl Stone Soup version 0.17-a0-124-gc3c9679 (console) character file.

970 Kellhus the Carver (level 7, -2/52 HPs)
             Began as a Mummy Chaos Knight on Mar 22, 2015.
             Slain by a giant frog (3 damage)
             ... in a sewer.
             The game lasted 00:11:46 (4749 turns).

Kellhus the Carver (Mummy Chaos Knight)             Turns: 4749, Time: 00:11:46

Health: -2/52      AC: 17    Str: 17    XL:     7   Next: 94%
Magic:  7/7        EV:  7    Int: 14    God:    Xom [.....*]
Gold:   160        SH:  0    Dex: 11    Spells: 0 memorised, 6 levels left

rFire  . . .     SeeInvis .     a - +2 dagger (venom)
rCold  + + +     Clarity  .     w - +3 chain mail {rF+}
rNeg   + + +     SustAb   +     (no shield)
rPois  ∞         Gourm    .     v - +2 helmet {Int+3}
rElec  .         Spirit   .     (no cloak)
rCorr  .         Warding  +     q - +2 pair of gloves of Xom's Entertainment {rC++}
rMut   .         Stasis   .     (no boots)
MR     .....                    c - amulet of warding
Stlth  ..........               x - ring of protection from cold
                                g - ring of sustain abilities

@: not resistant to hostile enchantments, extremely unstealthy
A: no food or potions, fire vulnerability, restore body, cold resistance 1,
negative energy resistance 3, poison resistance, torment resistance, unbreathing
a: Renounce Religion


You were in a sewer.
You worshipped Xom.
You were Xom's teddy bear.
You were not hungry.

You visited 1 branch of the dungeon, and saw 5 of its levels.
You also visited: Sewer.

You collected 358 gold pieces.
You spent 198 gold pieces at shops.

Inventory:

Hand weapons
 a - a +2 dagger of venom (weapon)
 b - a +1 short sword of venom
 e - a +0 falchion of chaos
 u - a +0 falchion
Armour
 q - the +2 pair of gloves of Xom's Entertainment (worn) {rC++}
   (Xom gifted it to you on level 3 of the Dungeon)

   It greatly protects you from cold.
 v - a +2 helmet of intelligence (worn)
 w - a +3 chain mail of fire resistance (worn)
Jewellery
 c - an amulet of warding (around neck)
 g - a ring of sustain abilities (left hand)
 x - a ring of protection from cold (right hand)
Magical devices
 k - a wand of paralysis (0)
 l - a wand of enslavement (10)
 r - a wand of cold (15)
 s - a wand of disintegration (13)
Scrolls
 d - a scroll of recharging
 f - a scroll of enchant weapon
 h - a scroll of blinking {unknown}
 i - a scroll of fog {unknown}
 j - 2 scrolls of enchant armour
 m - 3 scrolls of magic mapping
 n - a scroll of identify {unknown}
 o - a scroll of remove curse {unknown}
 p - a scroll of random uselessness {unknown}
 t - a scroll of amnesia {unknown}
 y - a scroll of fear {unknown}


   Skills:
 - Level 3.0 Fighting
 + Level 8.1 Long Blades
 - Level 1.5 Armour
 - Level 0.7 Dodging


You had 6 spell levels left.
You didn't know any spells.

Dungeon Overview and Level Annotations

Branches:
Dungeon (5/15)
 Temple: D:4-7

Altars:
Cheibriados
Dithmenos
Fedhas
Gozag
Nemelex Xobeh
Okawaru
Ru
Xom

Shops:
D:5 [

Annotations:
D:2 Sigmund


Innate Abilities, Weirdness & Mutations

You do not eat or drink.
Your flesh is vulnerable to fire.
Your flesh is cold resistant.
You are immune to negative energy.
Your system is resistant to poisons.
You are immune to unholy pain and torment.
You can survive without breathing.


Message History

The blast of lightning engulfs the giant frog.
The blast of lightning engulfs the adder.
The adder dies!
The giant frog hits you but does no damage. x2
Read which item? (? for menu, Esc to quit)
As you read the scroll labeled TRAYQA MUOCU, it crumbles to dust.
It is a scroll of recharging.
Charge which item? (? for menu, Esc to quit)
Your wand of cold {zapped: 2} glows for a moment.
The giant frog barely misses you.
The giant frog hits you but does no damage.
Read which item? (? for menu, Esc to quit)
As you read the scroll labeled OMAUSI CLOU, it crumbles to dust.
It is a scroll of enchant armour.
Enchant which item? (? for menu, Esc to quit)
Your +1 helmet of intelligence glows green for a moment.
The giant frog hits you but does no damage.
The giant frog hits you.
You die...
Xom chuckles heartily!

#######################*
###..≈≈≈≈≈≈≈≈†≈≈≈≈≈≈≈....**
##..††≈≈≈≈≈≈@F≈≈≈≈≈≈≈≈.....*
##...†≈≈≈≈≈≈≈≈F≈≈≈≈≈≈≈≈....F*
#.....≈≈≈≈≈≈≈≈≈≈≈≈≈≈≈≈≈.....*
##......≈≈≈≈≈≈≈≈≈≈≈≈≈≈≈≈....,*
#.......≈≈≈≈≈≈≈≈≈≈≈≈≈≈≈≈≈...**
#.....#####################+**
##....#### *,,,* #.....'!!#
*,∩,* #....##!!# *,,,*


You could see 2 giant frogs.

Vanquished Creatures
  A sky beast (D:5)
  An ice beast (D:5)
  An ogre (D:4)
  A black bear (D:4)
  Duvessa (D:5)
  A scorpion (D:4)
  Dowan (D:5)
  A hound (D:4)
  An orc wizard (D:3)
  Ijyb (D:3)
  Jessica (D:3)
  A hound zombie (D:5)
  9 adders
  3 river rats (Sewer)
  A white imp (D:5)
  2 worms (D:4)
  A giant mite (D:5)
  An adder skeleton (D:2)
  3 adder zombies
  3 giant geckos
  An ooze (D:3)
  5 orcs
  2 bat skeletons (D:2)
  5 giant cockroaches
  14 hobgoblins
  9 jackals
  3 quokkas
  14 ball pythons
  7 bats
  A giant cockroach zombie (D:2)
  2 giant gecko zombies (D:2)
  6 giant newts
  7 goblins
  13 kobolds
  31 rats
155 creatures vanquished.

Vanquished Creatures (collateral kills)
  An ogre (D:4)
  A scorpion (D:4)
  A bat (D:4)
3 creatures vanquished.

Vanquished Creatures (others)
  An adder (Sewer)
  A ball python (Sewer)
2 creatures vanquished.

Grand Total: 160 creatures vanquished

Notes
Turn   | Place    | Note
--------------------------------------------------------------
     0 | D:1      | Kellhus, the Mummy Chaos Knight, began the quest for the Orb.
     0 | D:1      | Reached XP level 1. HP: 18/18 MP: 1/1
     9 | D:1      | XOM: divination: detect items
    60 | D:1      | XOM: potion effect (invisibility)
    91 | D:1      | Reached XP level 2. HP: 17/24 MP: 2/2
   429 | D:1      | Reached XP level 3. HP: 27/29 MP: 3/3
   440 | D:1      | XOM: divination: magic mapping
   486 | D:1      | XOM: divination: detect items
   674 | D:1      | XOM: colour smoke trail
   768 | D:1      | Found a sparkling altar of Nemelex Xobeh.
   868 | D:1      | XOM: divination: detect creatures
   907 | D:1      | XOM: harmless Trmt miscast
   974 | D:2      | Found a shadowy altar of Dithmenos.
  1373 | D:2      | XOM is BORED!
  1373 | D:2      | XOM: silly message
  1406 | D:2      | XOM: harmless Erth miscast
  1411 | D:2      | Reached skill level 4 in Long Blades
  1428 | D:2      | Reached XP level 4. HP: 27/35 MP: 4/4
  1594 | D:2      | Noticed Sigmund
  1713 | D:3      | XOM: silly message
  1824 | D:3      | Noticed Ijyb
  1835 | D:3      | Paralysed by Ijyb for 3 turns
  1853 | D:3      | XOM: enchant monster (good)
  1853 | D:3      | Killed Ijyb
  2243 | D:3      | Found an opulent altar of Gozag.
  2244 | D:3      | Found a snail-covered altar of Cheibriados.
  2248 | D:3      | Found a sacrificial altar of Ru.
  2268 | D:3      | Found an iron altar of Okawaru.
  2270 | D:3      | Reached XP level 5. HP: 39/41 MP: 5/5
  2308 | D:3      | Found a blossoming altar of Fedhas.
  2424 | D:3      | Noticed Jessica
  2433 | D:3      | XOM: potion effect (invisibility)
  2433 | D:3      | Killed Jessica
  2433 | D:3      | Reached skill level 5 in Long Blades
  2549 | D:3      | XOM: god gift: pair of crude gloves {god gift}
  2550 | D:3      | Got a pair of crude gloves {god gift}
  2556 | D:3      | Identified the +2 pair of gloves of Xom's Entertainment {rC++} (Xom gifted it to you on level 3 of the Dungeon)
  2887 | D:4      | Noticed a black bear
  2896 | D:4      | Killed a black bear
  2896 | D:4      | Reached XP level 6. HP: 6/47 MP: 6/6
  3228 | D:4      | XOM: colour smoke trail
  3300 | D:4      | Noticed an ogre
  3310 | D:4      | XOM: confuse monster(s)
  3316 | D:4      | XOM: confuse monster(s)
  3325 | D:4      | Killed an ogre
  3325 | D:4      | Reached skill level 6 in Long Blades
  3422 | D:4      | Noticed an ogre
  3428 | D:4      | Killed an ogre
  3591 | D:4      | Reached XP level 7. HP: 43/52 MP: 7/7
  3686 | D:5      | Entered Level 5 of the Dungeon
  3687 | D:5      | Found Eskefib's Antique Armour Boutique.
  3714 | D:5      | Bought a runed helmet for 99 gold pieces
  3719 | D:5      | Bought a glowing chain mail for 99 gold pieces
  3885 | D:5      | Reached skill level 7 in Long Blades
  3982 | D:5      | XOM: confusion
  4022 | D:5      | Found a shimmering altar of Xom.
  4031 | D:5      | Noticed Dowan
  4049 | D:5      | Killed Dowan
  4050 | D:5      | Noticed Duvessa
  4054 | D:5      | XOM: chaos cloud
  4061 | D:5      | XOM: divination: detect items
  4075 | D:5      | Killed Duvessa
  4076 | D:5      | XOM: summons 3 friendly demons
  4102 | D:5      | XOM: polymorph crimson imp -> white imp
  4180 | D:5      | Found a glowing drain.
  4194 | D:5      | XOM: harmless Ice miscast
  4197 | Sewer    | Entered a sewer
  4446 | Sewer    | XOM: 1-stop teleportation journey
  4449 | Sewer    | XOM: vitrification
  4497 | Sewer    | Reached skill level 8 in Long Blades
  4533 | Sewer    | XOM: god gift: 3 tomahawks of dispersal
  4558 | Sewer    | XOM: snakes to sticks
  4747 | Sewer    | HP: 1/52 [Xom's lightning strike (51)]
  4747 | Sewer    | XOM: divine lightning
  4749 | Sewer    | Slain by a giant frog

Action                   |  1- 3 |  4- 6 |  7- 9 || total
-------------------------+-------+-------+-------++-------
Melee: Falchion          |    47 |       |       ||    47
       Short sword       |    49 |     6 |    51 ||   106
       Dagger            |    84 |   200 |   203 ||   487
Evoke: Wand              |       |       |     1 ||     1
  Use: Scroll            |       |     1 |     3 ||     4
 Stab: Invisible         |     3 |       |       ||     3
